 Dungeon Crawl Stone Soup version 0.27-a0-1196-g3e9cee4cb2 (webtiles) character file.

Game seed: 5173577716891828311

54 fartbutt the Skirmisher (level 3, 0/29 HPs)
             Began as a Demonspawn Fighter on May 29, 2021.
             Succumbed to a scorpion's poison
             ... on level 2 of the Dungeon.
             The game lasted 00:04:05 (2123 turns).

fartbutt the Skirmisher (Demonspawn Fighter)        Turns: 2123, Time: 00:04:05

Health: 0/29       AC:  6    Str: 17    XL:     3   Next: 66%
Magic:  3/3        EV:  7    Int:  9    God:
Gold:   19         SH:  9    Dex: 12    Spells: 2/2 levels left

rFire    . . .     SeeInvis .   a - +0 war axe
rCold    . . .     Faith    .   c - +0 kite shield
rNeg     . . .     Spirit   .   b - +0 scale mail
rPois    .         Reflect  .   (no helmet)
rElec    .         Harm     .   (no cloak)
rCorr    .         Rampage  .   (no gloves)
Will     .....                  (no boots)
Stlth    ..........             (no amulet)
HPRegen  0.09/turn              (no ring)
MPRegen  0.08/turn              (no ring)

@: lethally poisoned (0 -> -10)
A: claws 1, demonic magic 1
a: no special abilities


You were on level 2 of the Dungeon.
You visited 1 branch of the dungeon, and saw 2 of its levels.

You collected 19 gold pieces.

Inventory:

Hand Weapons
 a - a +0 war axe (weapon)
Armour
 b - a +0 scale mail (worn)
 c - a +0 kite shield (worn)
Jewellery
 h - a +4 ring of slaying
 i - an amulet of regeneration
Scrolls
 e - 2 scrolls of identify {unknown}
 f - 2 scrolls of noise {unknown}
 j - a scroll of silence {unknown}
Potions
 d - a potion of might
 g - a potion of curing {unknown}


   Skills:
 + Level 3.3 Fighting
 * Level 2.7 Axes
 + Level 3.0 Armour
 + Level 0.2 Dodging
 + Level 3.0 Shields


You had 2 spell levels left.
You didn't know any spells.
Your spell library contained the following spells:

 Spells                   Type           Power      Damage    Failure   Level
 Magic Dart               Conj           0%         1d3       99%         1
 Blink                    Tloc           N/A        N/A       100%        2
 Call Imp                 Summ           0%         N/A       100%        2
 Slow                     Hex            0%         N/A       100%        2
 Conjure Flame            Conj/Fire      0%         6-21      100%        3
 Mephitic Cloud           Conj/Pois/Air  0%         N/A       100%        3


Dungeon Overview and Level Annotations

Branches:
Dungeon (2/15)

Altars:
Sif Muna


Innate Abilities, Weirdness & Mutations

You have sharp fingernails.
Spells you cast may paralyse adjacent enemies.


Message History

Your shield and scale mail prevent you from hitting the scorpion.
You barely miss the frilled lizard. You block the scorpion's attack.
You block the frilled lizard's attack. The scorpion barely misses you.
You closely miss the scorpion. You closely miss the frilled lizard.
You block the scorpion's attack. You block the frilled lizard's attack.
The scorpion stings you.
The frilled lizard bites you but does no damage.
You closely miss the scorpion. You barely miss the frilled lizard.
You block the scorpion's attack.
The frilled lizard bites you but does no damage.
The scorpion stings you.
You hit the scorpion.
The scorpion is lightly wounded.
You closely miss the frilled lizard.
The frilled lizard hisses.
You block the frilled lizard's attack. The scorpion stings you.
The frilled lizard bites you. The scorpion stings you.
You are poisoned.
The scorpion poisons you!
You slash the frilled lizard!
You kill the frilled lizard!
You closely miss the scorpion.
You feel very sick.
The scorpion stings you but does no damage.
The scorpion barely misses you.
You closely miss the scorpion.
The scorpion is lightly wounded.
You feel sick. The scorpion stings you.
* * * LOW HITPOINT WARNING * * *
You are lethally poisoned!
The scorpion poisons you!
The scorpion stings you but does no damage.
You hit the scorpion but do no damage.
The scorpion is lightly wounded.
* * * LOW HITPOINT WARNING * * *
You feel very sick. The scorpion barely misses you.
You block the scorpion's attack.
You hit the scorpion but do no damage.
The scorpion is lightly wounded.
You die...

#.# #. ..#
##.###. #.#
###...#.. #.#
##........ #.#
#.#....#.. #.#
#.....####
#.#######.....#
#
#s............#
#
#@#######.....#
#.# #.....# #
##.## #.##### #
#####...## #.# #
#..>.....#####.#
#
#.###....#..†..#
# #.#
##...#.##### #
#.# #.#.#.# #
#.# ##.#.#.# #


You could see a scorpion.

Vanquished Creatures
  A worm (D:2)
  3 dart slugs (D:1)
  4 ball pythons (D:1)
  4 endoplasms (D:1)
  4 giant cockroaches
  2 goblins
  5 hobgoblins
  6 jackals (D:1)
  A bat (D:1)
  2 frilled lizards
  4 kobolds
  4 rats
40 creatures vanquished.

Notes
Turn   | Place    | Note
-------+----------+-------------------------------------------
     0 | D:1      | fartbutt the Demonspawn Fighter began the quest for the
                  | Orb.
     0 | D:1      | Reached XP level 1. HP: 18/18 MP: 1/1
    62 | D:1      | Gained mutation: Spells you cast may paralyse adjacent
                  | enemies. [demonic ancestry]
    62 | D:1      | Reached XP level 2. HP: 12/24 MP: 2/2
   891 | D:1      | Gained mutation: You have sharp fingernails. [demonic
                  | ancestry]
   891 | D:1      | Reached XP level 3. HP: 7/29 MP: 3/3
  1919 | D:2      | Found a shimmering blue altar of Sif Muna.
  2112 | D:2      | Noticed a scorpion
  2123 | D:2      | Succumbed to a scorpion's poison

Illustrated notes

Levels and vault maps discovered:
D:1:      dpeg_arrival_concentric_ovals, layout_basic, supply_closet_lemuel
D:2:      layout_loops_ring, shapermc_ecumenical_altar_flowoftime, basic_altar,
          serial_bayou_lagoon_a, chequers_serial_rivers_room_b,
          minmay_randomly_rotated_circles

Skill      XL: |  1  2  3 |
---------------+----------+-----
Axes           | 2 |  2.7
Armour         | 3 |  3.0
Shields        | 3 |  3.0
Fighting       | |  3.3
Dodging        | |  0.2

Action                   || total
-------------------------++-------
Melee: War axe           ||   137
Armor: Scale mail        ||    68
Dodge: Dodged            ||    33
Block: Kite shield       ||    72

Table legend: (Time is in decaauts)
 A = Elapsed time spent in this place.
 B = Non-inter-level travel time spent in this place.
 C = Inter-level travel time spent in this place.
 D = Time resting spent in this place.
 E = Time spent auto-exploring this place.
 F = Levels seen in this place.
 G = Mean time per level.
                   A        B        C        D        E       F      G
               +--------+--------+--------+--------+--------+-----+--------+
         Total |   2207 |   2207 |      0 |    423 |   1343 |   2 | 1103.5 |
       Dungeon |   2207 |   2207 |      0 |    423 |   1343 |   2 | 1103.5 |
               +--------+--------+--------+--------+--------+-----+--------+

Top non-repeatable levels by time:
     D:1: 1647 daAuts
     D:2: 559 daAuts
